Map: Port Aleksander LE

Players

ShoWTimE

  • Race: Protoss Protoss
  • League: Grandmaster
  • Spawn Location: 5:00

Lambo - Winner!

  • Race: Zerg Zerg
  • League: Master
  • Spawn Location: 11:00

Event: 2019 WCS Winter Europe

VOD

Have the link to the VOD?

Description

Time

  • Played on: March 23, 2019, 11:27 a.m.
  • Length: 26:28

All games in this series

Show
View Real Time Build Order
Export as new Build Order

ShoWTimE Protoss 

Build Orders: 1 Gate Expand, Oracle Opening, Phoenix Opening, Archon Immortal, Archon Drop 

Get SALT Encoding   

  12  0:00  Probe  
  13  0:12  Probe  
  14  0:17  Pylon  
  14  0:24  Probe  
  15  0:32  Probe  
  15  0:39  Gateway  
  15  0:40  Probe  
  16  0:47  Assimilator  
  17  0:51  Probe  
  18  1:03  Probe  
  19  1:15  Probe  
  20  1:25  Nexus  
  20  1:36  Cybernetics Core  
  20  1:39  Probe  
  21  1:46  Assimilator  
  21  1:52  Probe  
  22  1:55  Pylon  
  22  2:03  Stalker  
  22  2:04  Probe  
  25  2:16  Probe  
  25  2:20  Stargate  
  26  2:28  Probe  
  26  2:29  Warp Gate  
  27  2:33  Probe  
  27  2:35  Adept  
  27  2:36  Probe  
  30  2:41  Probe  
  31  2:44  Probe  
  31  2:51  Probe  
  33  2:54  Probe  
  33  2:55  Oracle  
  35  3:03  Probe  
  39  3:06  Probe  
  40  3:14  Gateway  
  40  3:15  Probe  
  40  3:19  Probe  
  42  3:22  Pylon  
  42  3:27  Phoenix, Probe  
  42  3:32  Probe  
  46  3:38  Assimilator  
  46  3:40  Probe  
  47  3:41  Assimilator  
  47  3:44  Probe  
  48  3:52  Probe  
  49  3:56  Probe  
  49  3:57  Pylon  
  49  3:59  Robotics Facility  
  50  4:03  Twilight Council  
  50  4:04  Probe  
  50  4:08  Probe  
  52  4:16  Probe  
  53  4:17  Adept  
  53  4:18  Adept  
  53  4:21  Gateway  
  53  4:23  Gateway  
  57  4:28  Pylon  
  57  4:30  Probe  
  58  4:36  Warp Prism  
  58  4:39  Adept  
  58  4:42  Templar Archives  
  60  4:50  Pylon  
  62  5:08  Nexus  
  62  5:09  Probe x2  
  62  5:11  Pylon  
  64  5:18  Observer, Shield Battery  
  64  5:21  Probe x2  
  66  5:25  Forge  
  67  5:30  Immortal, High Templar x4  
  67  5:33  Probe x2  
  67  5:34  Archon x2  
  81  5:48  Probe, Pylon  
  81  5:49  Probe  
  83  6:01  Protoss Ground Weapons Level 1, Probe x2  
  85  6:09  Immortal  
  89  6:14  Probe x2, Pylon  
  89  6:16  Robotics Facility  
  91  6:19  Charge  
  91  6:22  Probe  
  92  6:25  Probe  
  92  6:26  Probe  
  92  6:31  Probe  
  94  6:34  Probe  
  94  6:37  Gateway  
  94  6:38  Probe  
  94  6:39  Probe, Gateway  
  97  6:42  Probe  
  97  6:46  Assimilator  
  99  6:47  Immortal  
  99  6:48  Probe  
  99  6:49  Assimilator  
  99  6:50  Probe  
  105  6:58  Pylon  
  105  7:01  High Templar  
  107  7:07  Shield Battery  
  107  7:09  Shield Battery  
  107  7:11  Shield Battery  
  107  7:12  High Templar  
  107  7:13  Zealot x2  
  113  7:20  Immortal  
  113  7:21  Immortal  
  103  7:31  Zealot  
  94  7:38  Zealot x4  
  101  7:49  Zealot, Immortal  
  103  7:59  Pylon  
  107  8:09  Sentry, Pylon  
  107  8:12  Pylon, Protoss Ground Weapons Level 2  
  109  8:15  Immortal  
  107  8:22  Cybernetics Core  
  107  8:23  Zealot x4  
  115  8:28  Immortal  
  119  8:45  Pylon  
  119  8:46  Pylon  
  119  8:47  Pylon  
  119  8:49  Pylon  
  119  9:03  Immortal  
  123  9:11  Gateway  
  123  9:19  Nexus  
  123  9:21  Pylon  
  123  9:22  Sentry x2, Immortal  
  127  9:30  Pylon  
  131  9:31  Stalker  
  133  9:43  Zealot x3  
  137  9:55  Immortal  
  141  10:02  Phoenix  
  141  10:03  Pylon  
  143  10:10  Zealot  
  135  10:18  Zealot x2  
  131  10:23  Zealot x2  
  135  10:30  Phoenix  
  137  10:36  Zealot x2  
  141  10:47  Probe  
  141  10:48  Pylon  
  141  10:49  Assimilator  
  142  10:55  Phoenix  
  141  10:58  Observer  
  141  11:01  Zealot x4  
  145  11:12  Observer  
  145  11:14  Zealot x2  
  145  11:16  Phoenix  
  136  11:27  Zealot x4  
  140  11:37  Phoenix  
  140  11:39  Zealot x2  
  116  11:54  Phoenix  
  116  11:55  Zealot x3  
  116  12:02  Probe  
  116  12:03  Probe x2  
  116  12:08  Stalker x2  
  121  12:11  Phoenix  
  121  12:14  Probe  
  116  12:16  Stalker x2  
  116  12:22  Observer  
  123  12:28  High Templar  
  116  12:34  Phoenix, High Templar  
  116  12:39  Zealot  
  101  12:58  Phoenix  
Show
View Real Time Build Order
Export as new Build Order

Lambo Zerg - Winner!

Build Orders: Hatch First 

Get SALT Encoding   

  12  0:00  Drone  
  13  0:12  Overlord  
  13  0:17  Drone  
  14  0:31  Drone x2  
  16  0:49  Hatchery  
  15  0:52  Drone  
  15  0:56  Drone  
  17  0:59  Drone  
  18  1:10  Extractor  
  17  1:15  Spawning Pool  
  17  1:18  Drone  
  17  1:23  Drone  
  18  1:29  Drone  
  19  1:43  Drone  
  20  1:51  Overlord  
  20  2:02  Queen x2, Zergling x4  
  26  2:12  Drone x2  
  28  2:25  Drone x2  
  30  2:37  Pneumatized Carapace  
  30  2:38  Hatchery  
  29  2:45  Drone x2  
  29  2:46  Drone  
  32  2:53  Overlord  
  32  2:57  Queen  
  33  3:00  Drone  
  33  3:04  Drone  
  35  3:11  Drone x2  
  37  3:15  Drone x3  
  37  3:16  Drone  
  37  3:18  Drone  
  37  3:19  Drone  
  43  3:25  Overlord  
  43  3:37  Spore Crawler  
  43  3:38  Drone  
  43  3:41  Spore Crawler  
  42  3:42  Queen, Drone  
  42  3:45  Drone x3  
  42  3:48  Drone x2  
  50  3:51  Metabolic Boost  
  50  3:58  Overlord  
  50  4:01  Overlord  
  50  4:08  Drone x2  
  49  4:17  Drone  
  49  4:18  Spore Crawler, Drone x5  
  49  4:20  Drone  
  49  4:21  Drone  
  49  4:22  Drone  
  49  4:23  Drone x2  
  59  4:28  Roach Warren, Drone  
  59  4:34  Lair  
  59  4:37  Extractor, Drone  
  59  4:38  Extractor, Drone  
  59  4:41  Drone x2  
  59  4:42  Extractor  
  59  4:44  Evolution Chamber  
  59  4:46  Zergling x4  
  59  4:49  Zergling x4  
  59  4:52  Zergling x4  
  64  4:53  Zergling x2  
  65  5:03  Overlord  
  65  5:04  Overlord  
  61  5:14  Overlord  
  61  5:16  Overlord  
  61  5:19  Zerg Missile Weapons Level 1  
  61  5:20  Overlord x2  
  61  5:23  Drone x4  
  61  5:24  Drone x2  
  61  5:25  Drone  
  68  5:30  Roach x3  
  68  5:33  Overseer  
  68  5:34  Roach  
  76  5:40  Roach x3  
  82  5:50  Roach x3  
  82  5:56  Roach x2  
  91  6:00  Roach x3, Overlord  
  91  6:04  Overlord  
  92  6:06  Roach  
  86  6:19  Roach  
  86  6:21  Nydus Network  
  86  6:24  Roach x2  
  93  6:33  Roach x4  
  93  6:37  Roach  
  93  6:38  Roach  
  103  6:40  Roach  
  103  6:43  Roach  
  103  6:47  Roach x2  
  109  6:51  Roach  
  115  6:54  Roach, Zergling x2  
  115  6:58  Roach  
  118  7:06  Roach x2  
  120  7:13  Nydus Canal  
  120  7:14  Overlord  
  120  7:15  Overlord  
  120  7:17  Overlord, Overseer  
  116  7:26  Roach x3  
  116  7:27  Nydus Canal  
  116  7:32  Roach x2  
  116  7:35  Roach  
  122  7:40  Roach  
  122  7:44  Roach x2  
  125  7:46  Nydus Canal  
  125  7:47  Roach  
  127  7:51  Roach  
  127  7:52  Roach  
  127  7:56  Zergling x4  
  131  8:00  Nydus Canal  
  132  8:05  Zergling x4  
  132  8:06  Roach  
  132  8:09  Roach  
  135  8:14  Roach  
  135  8:17  Drone x4  
  135  8:23  Drone x2  
  135  8:24  Drone  
  138  8:27  Extractor  
  138  8:29  Glial Reconstitution  
  137  8:38  Drone  
  137  8:39  Spire  
  137  8:40  Extractor  
  136  8:43  Drone x2  
  138  8:53  Overlord  
  138  8:59  Overlord  
  138  9:01  Zerg Melee Weapons Level 1  
  138  9:07  Overlord  
  138  9:10  Overlord  
  138  9:12  Zergling x12  
  138  9:15  Ravager  
  145  9:18  Zergling x6  
  142  9:54  Mutalisk x9  
  142  9:55  Overlord  
  159  10:04  Roach x3  
  164  10:08  Ravager x2  
  164  10:11  Roach x2  
  141  10:25  Mutalisk x3  
  149  10:28  Roach x2  
  149  10:32  Roach  
  153  10:36  Roach x2  
  153  10:42  Roach x2  
  161  10:48  Mutalisk x2  
  165  10:51  Nydus Canal  
  158  11:05  Mutalisk x2  
  158  11:09  Nydus Canal  
  150  11:21  Mutalisk x2  
  140  11:35  Mutalisk x2  
  140  11:37  Zergling x20  
  120  11:48  Mutalisk x2  
  120  11:52  Mutalisk  
  115  11:55  Zergling x6  
  103  12:08  Mutalisk x3  
  107  12:16  Nydus Canal  
  107  12:17  Zergling x8  
  109  12:24  Mutalisk  
  109  12:27  Mutalisk  
  108  12:44  Mutalisk x3  
  108  12:57  Mutalisk x2  
Tags
 
Add a new tag
Caveats
  • Supply blocks, unpowered buildings, or Contaminate may cause inaccurate times.
  • Supply counts are checked every 10 seconds.